 Dungeon Crawl Stone Soup version 0.26-a0-639-g72c4674329 (webtiles) character file.

Game seed: 10450779986345250329

106 Kaptain the Magician (level 4, -4/28 HPs)
             Began as an Octopode Hedge Wizard on Sept 17, 2020.
             Killed from afar by an orc wizard (6 damage)
             ... with a magic dart
             ... on level 3 of the Dungeon.
             The game lasted 00:08:27 (3698 turns).

Kaptain the Magician (Octopode Hedge Wizard)        Turns: 3698, Time: 00:08:27

Health: -4/28      AC:  2    Str:  9    XL:     4   Next: 84%
Magic:  6/18       EV: 13    Int: 17    God:
Gold:   174        SH:  0    Dex: 11    Spells: 2/10 levels left

rFire    . . .     SeeInvis .   j - +0 whip (curse)
rCold    . . .     Faith    .   (no shield)
rNeg     . . .     Spirit   .   b - +1 hat
rPois    .         Reflect  .   (no amulet)
rElec    .         Harm     .   p - ring of magical power
rCorr    .         Rampage  .   (no ring)
MR       .....                  (no ring)
Stlth    +++.......             (no ring)
HPRegen  0.09/turn              (no ring)
MPRegen  0.16/turn              (no ring)
                                (no ring)
                                (no ring)

@: lethally poisoned (-4 -> -5)
A: almost no armour, stealthy swim, amphibious, 8 rings, constrict 8, camouflage
1, gelatinous body 1
a: no special abilities


You were on level 3 of the Dungeon.
You visited 1 branch of the dungeon, and saw 3 of its levels.

You collected 174 gold pieces.

Inventory:

Hand Weapons
 j - a cursed +0 whip (weapon)
 o - a +0 short sword
Missiles
 l - 15 stones (quivered)
Armour
 b - a +1 hat (worn)
 k - a cursed -1 buckler
Jewellery
 p - a ring of magical power (left tentacle)
Wands
 h - a wand of disintegration (8)
Scrolls
 a - a scroll of remove curse {unknown}
 c - a scroll of amnesia
 n - a scroll of identify
Potions
 d - 2 potions of flight
 e - a potion of ambrosia {unknown}
 f - a potion of mutation {unknown}
 g - a potion of heal wounds {unknown}
 i - a potion of brilliance {unknown}
 m - a potion of invisibility {unknown}


   Skills:
 + Level 1.2 Fighting
 - Level 2.3 Dodging
 + Level 3.6 Stealth
 + Level 0.2 Shields
 * Level 3.8 Spellcasting
 * Level 2.4 Conjurations
 - Level 1.0 Summonings
 - Level 1.0 Translocations


You had 2 spell levels left.
You knew the following spells:

 Your Spells              Type           Power        Failure   Level
a - Magic Dart            Conj           ##..         6%          1
b - Blink                 Tloc           N/A          16%         2
c - Call Imp              Summ           #.......     16%         2
d - Mephitic Cloud        Conj/Pois/Air  #.......     34%         3

Your spell library contained the following spells:

 Spells                   Type           Power        Failure   Level
 Slow                     Hex            #.......     24%         2
 Conjure Flame            Conj/Fire      #.......     30%         3


Dungeon Overview and Level Annotations

Branches:
Dungeon (3/15)

Altars:


Innate Abilities, Weirdness & Mutations

You cannot wear most types of armour.
You are very stealthy in the water. (Stealth+)
You are amphibious.
You can wear up to eight rings at the same time.
You can use your tentacles to constrict eight enemies at once.
Your skin changes colour to match your surroundings (Stealth+).
Your rubbery body absorbs attacks. (AC +1, EV +1)


Message History

The orc wizard hits you with a +0 dagger.
* * * LOW HITPOINT WARNING * * *
Casting: Magic Dart (safe; 6% risk of failure)
Confirm with . or Enter, or press ? or * to list all spells.
Aiming: Magic Dart (safe; 6% risk of failure)
Press: ? - help, Shift-Dir - straight line, f/p - orc wizard
Aim: an orc wizard, wielding a +0 dagger and wearing a +0 robe (almost dead, fast)
The magic dart hits the orc wizard.
The orc wizard is almost dead.
The orc wizard gestures wildly while chanting.
The orc wizard flickers and vanishes!
Deactivating autopickup; reactivate with Ctrl-A.
Casting: Magic Dart (safe; 6% risk of failure)
Confirm with . or Enter, or press ? or * to list all spells.
Press: ? - help, Shift-Dir - straight line The magic dart hits something but does no damage.
You hear some strange, mumbled words.
A magic dart appears from out of thin air!
The magic dart hits you.
You die...

.........#
.........#
.........#
...?..#+#
#.......#
#.###.############
#.# #............#
# #.#
#########.####.#
#<. ........?{@..#
#.# #####.#.######
#.. ...#.# ### ###
#.# #.# #.# #.# #o


There were no monsters in sight!

Vanquished Creatures
  4 adders
  2 dart slugs
  A leopard gecko (D:3)
  2 orcs (D:3)
  7 bats
  2 giant cockroaches (D:2)
  5 goblins
  14 hobgoblins
  A quokka (D:2)
  A ball python (D:2)
  2 frilled lizards
  7 kobolds
  16 rats
64 creatures vanquished.

Notes
Turn   | Place    | Note
-------+----------+-------------------------------------------
     0 | D:1      | Kaptain the Octopode Hedge Wizard began the quest for the
                  | Orb.
     0 | D:1      | Reached XP level 1. HP: 11/11 MP: 4/4
   346 | D:1      | Reached XP level 2. HP: 16/17 MP: 0/6
  1005 | D:1      | Reached XP level 3. HP: 15/22 MP: 0/7
  1810 | D:2      | Learned a level 2 spell: Blink
  1813 | D:2      | Learned a level 2 spell: Call Imp
  1817 | D:2      | Learned a level 3 spell: Mephitic Cloud
  2301 | D:2      | You fall into a shaft and drop 1 floor!
  2330 | D:3      | Reached skill level 1 in Fighting
  2464 | D:3      | Reached XP level 4. HP: 28/28 MP: 7/9
  3698 | D:3      | Killed from afar by an orc wizard

Illustrated notes

Levels and vault maps discovered:
D:1:      minmay_arrival_jagged, layout_basic
D:2:      minmay_spotlight, layout_loops_cross, minmay_tetromino_o2
D:3:      layout_basic, minmay_quantized

Skill      XL: |  1  2  3 |
---------------+----------+-----
Stealth        | 3 |  3.6
Conjurations   | 2 |  2.4
Fighting       | 1 |  1.2
Dodging        | |  2.3
Shields        | |  0.2
Spellcasting   | |  3.8
Summonings     | |  1.0
Translocations | |  1.0

Action                   |  1- 3 |  4- 6 || total
-------------------------+-------+-------++-------
Melee: Dagger            |     4 |       ||     4
       Constrict         |     5 |     1 ||     6
       Tentacles         |     4 |     1 ||     5
       Whip              |    12 |     2 ||    14
 Cast: Magic Dart        |   115 |    64 ||   179
  Use: Scroll            |     6 |       ||     6
 Stab: Sleeping          |     1 |       ||     1
Armor: Skin              |     5 |       ||     5
Dodge: Dodged            |    14 |    15 ||    29

Table legend: (Time is in decaauts)
 A = Elapsed time spent in this place.
 B = Non-inter-level travel time spent in this place.
 C = Inter-level travel time spent in this place.
 D = Time resting spent in this place.
 E = Time spent auto-exploring this place.
 F = Levels seen in this place.
 G = Mean time per level.
                   A        B        C        D        E       F      G
               +--------+--------+--------+--------+--------+-----+--------+
         Total |   3698 |   3583 |    115 |   1199 |   1928 |   3 | 1232.7 |
       Dungeon |   3698 |   3583 |    115 |   1199 |   1928 |   3 | 1232.7 |
               +--------+--------+--------+--------+--------+-----+--------+

Top non-repeatable levels by time:
     D:2: 1460 daAuts
     D:1: 1444 daAuts
     D:3: 794 daAuts
